Map: Império Eterno LE

Players

heaven

  • Race: Terran Terran
  • League: Master
  • Spawn Location: 1:00

yoke - Winner!

  • Race: Terran Terran
  • League: Master
  • Spawn Location: 7:00

VOD

Have the link to the VOD?

Description

Time

  • Played on: April 6, 2020, 9:38 a.m.
  • Length: 14:18
Show
View Real Time Build Order
Export as new Build Order

heaven Terran 

Build Orders:  

Get SALT Encoding   

  12  0:01  SCV  
  13  0:13  SCV  
  14  0:17  Supply Depot  
  14  0:25  SCV  
  15  0:29  Refinery  
  15  0:38  SCV  
  16  0:45  Barracks  
  16  0:50  SCV  
  17  0:57  Refinery  
  17  1:03  SCV  
  18  1:15  SCV  
  19  1:31  Orbital Command  
  19  1:32  Reaper  
  20  1:37  Factory  
  20  1:47  Supply Depot  
  20  1:57  SCV  
  21  2:04  Reaper  
  22  2:10  SCV  
  23  2:22  SCV  
  26  2:23  Hellion  
  26  2:33  Command Center  
  26  2:41  Starport  
  28  2:44  Hellion  
  28  2:45  SCV  
  28  2:49  Supply Depot  
  29  2:54  Barracks Reactor  
  29  2:59  SCV  
  30  3:11  SCV  
  31  3:14  Refinery, Factory Tech Lab  
  31  3:20  Starport Tech Lab  
  31  3:23  SCV  
  31  3:37  SCV  
  31  3:39  Marine x2  
  31  3:40  Cyclone  
  37  3:45  Orbital Command  
  37  3:49  SCV  
  38  3:57  Raven  
  38  4:01  SCV  
  41  4:03  Marine x2  
  41  4:09  Supply Depot  
  43  4:12  Siege Tank  
  43  4:14  SCV  
  47  4:19  SCV  
  47  4:24  Marine x2  
  47  4:26  SCV, Engineering Bay  
  50  4:31  SCV  
  50  4:33  Supply Depot  
  50  4:38  SCV  
  48  4:40  Raven  
  48  4:42  Marine x2  
  48  4:43  SCV  
  53  4:53  Siege Tank  
  53  4:57  SCV x2  
  58  5:05  Command Center  
  58  5:09  SCV  
  58  5:10  Marine x2  
  58  5:14  SCV  
  62  5:18  Supply Depot  
  62  5:21  SCV  
  62  5:27  Siege Tank  
  66  5:33  SCV x2  
  68  5:38  Viking  
  68  5:40  Viking, Stimpack  
  71  5:45  SCV  
  71  5:46  Refinery  
  72  5:50  Barracks x2  
  72  5:52  Marine  
  72  5:56  SCV  
  74  5:59  Siege Tank  
  74  6:01  Supply Depot  
  77  6:10  SCV  
  78  6:16  SCV  
  78  6:17  SCV  
  74  6:29  SCV  
  74  6:31  Orbital Command  
  78  6:32  Siege Tank  
  78  6:33  Medivac x2  
  78  6:34  SCV  
  78  6:37  Supply Depot x2, Terran Infantry Weapons Level 1  
  83  6:41  Barracks Reactor  
  83  6:50  Barracks  
  83  6:52  Barracks  
  83  6:54  Barracks Reactor, Marine  
  83  6:58  Orbital Command  
  84  7:03  Medivac  
  86  7:12  Marine  
  86  7:15  SCV x2  
  89  7:16  Siege Tank  
  92  7:23  Engineering Bay  
  92  7:24  SCV  
  92  7:25  Armory, Supply Depot  
  92  7:26  Marine  
  92  7:27  SCV  
  95  7:30  Marine  
  95  7:32  SCV  
  95  7:33  Marine x2  
  95  7:36  SCV  
  100  7:41  Combat Shield, Marine  
  101  7:47  SCV x2  
  101  7:48  Marine, Siege Tank  
  107  7:51  Barracks Reactor  
  107  7:52  SCV  
  107  7:53  Sensor Tower  
  107  7:54  Refinery  
  107  7:55  Refinery  
  108  8:02  Marine x3  
  108  8:03  Barracks Reactor  
  108  8:04  SCV x2  
  108  8:05  SCV  
  114  8:06  Marine  
  114  8:07  Marine  
  116  8:16  SCV  
  116  8:17  SCV  
  118  8:20  Marine, Siege Tank  
  118  8:21  SCV  
  118  8:25  Marine x2  
  125  8:36  Supply Depot x2  
  125  8:37  Supply Depot  
  125  8:43  Terran Infantry Weapons Level 2  
  125  8:47  Supply Depot, Terran Infantry Armor Level 1  
  125  8:48  Supply Depot  
  125  8:57  SCV x2, Medivac x2, Marine x6  
  125  8:58  SCV, Marine, Siege Tank  
  125  9:00  Supply Depot  
  125  9:01  Supply Depot  
  142  9:05  Terran Vehicle Weapons Level 1  
  142  9:08  Marine x2  
  142  9:09  SCV x2  
  143  9:15  Marine x2  
  138  9:22  SCV x2  
  138  9:23  SCV  
  139  9:30  Marine x2  
  141  9:34  SCV  
  141  9:36  SCV x2  
  141  9:37  Marine x3  
  147  9:46  SCV  
  147  9:51  Command Center  
  146  9:53  SCV x2  
  146  9:55  Marine x4  
  146  9:56  Marine x3  
  146  9:57  Marine x2  
  146  9:58  Siege Tank  
  160  10:01  Factory  
  160  10:04  Barracks  
  160  10:05  Barracks  
  160  10:06  Barracks  
  160  10:13  Marine x4  
  164  10:14  Marine  
  165  10:26  Marine x2  
  164  10:30  Siege Tank  
  164  10:34  Marine x2  
  163  10:48  Marine  
  163  10:49  Marine  
  149  10:50  Marine x2  
  149  10:51  Marine x3  
  149  10:52  Marine x3  
  149  10:54  Marine  
  149  10:55  Orbital Command  
  149  10:56  Marine  
  149  11:14  Supply Depot  
  149  11:15  Supply Depot  
  149  11:16  Supply Depot  
  149  11:23  Terran Infantry Weapons Level 3, Terran Infantry Armor Level 2  
  149  11:28  Sensor Tower  
  149  11:35  Supply Depot  
  149  11:36  SCV, Marine x7, Siege Tank  
  160  11:46  Marine x3  
  160  11:47  Marine x2  
  163  11:54  Marine  
  166  11:58  Marine x5  
  166  11:59  Marine  
  170  12:04  Marine x2  
  170  12:05  Marine  
  170  12:08  Marine  
  171  12:09  Siege Tank  
  171  12:10  Factory Tech Lab  
  158  12:24  Marine  
  158  12:25  Marine x2  
  158  12:26  Marine  
  141  12:34  Marine  
  141  12:36  Marine  
  120  12:41  Siege Tank  
  94  12:46  Marine  
  70  12:57  Marine  
  64  13:12  Marine  
  59  13:13  Siege Tank  
  59  13:18  Marine  
  49  13:48  Marine x2  
  49  13:49  Marine  
Show
View Real Time Build Order
Export as new Build Order

yoke Terran - Winner!

Build Orders: Cyclone Opening 

Get SALT Encoding   

  12  0:00  SCV  
  13  0:13  SCV  
  14  0:17  Supply Depot  
  14  0:25  SCV  
  14  0:28  Refinery  
  15  0:39  SCV  
  16  0:45  Barracks  
  16  0:51  SCV  
  16  0:56  Refinery  
  17  1:03  SCV  
  18  1:15  SCV  
  20  1:33  Orbital Command  
  20  1:34  Reaper  
  20  1:38  Factory  
  20  1:48  Supply Depot  
  20  1:59  SCV  
  21  2:06  Barracks Tech Lab  
  21  2:11  SCV  
  22  2:23  SCV  
  23  2:33  Cyclone  
  23  2:35  SCV  
  27  2:39  Supply Depot  
  28  2:46  Command Center  
  29  2:51  SCV  
  29  2:56  Barracks Tech Lab  
  29  2:58  Starport  
  28  3:03  SCV  
  29  3:09  Cyclone  
  32  3:18  SCV  
  33  3:29  Refinery  
  33  3:30  SCV  
  30  3:41  Barracks Reactor, Cyclone  
  30  3:42  SCV  
  34  3:54  SCV  
  35  3:56  Raven  
  35  3:58  Orbital Command  
  37  4:07  SCV  
  38  4:16  Command Center  
  38  4:19  SCV  
  38  4:23  Siege Tank  
  42  4:25  SCV  
  43  4:31  SCV  
  43  4:37  Supply Depot  
  43  4:38  SCV  
  45  4:43  SCV  
  46  4:49  Marine  
  46  4:50  SCV, Stimpack  
  46  4:52  Viking  
  50  4:55  SCV  
  51  5:02  SCV  
  51  5:04  Siege Tank  
  51  5:05  Viking  
  57  5:07  Marine  
  58  5:14  SCV x2  
  58  5:17  Supply Depot  
  60  5:22  Viking  
  60  5:28  SCV x2, Orbital Command  
  63  5:35  Viking  
  66  5:38  Supply Depot, Siege Tank  
  66  5:39  Marine  
  70  5:43  SCV  
  70  5:46  Engineering Bay  
  70  5:48  SCV, Engineering Bay  
  72  5:55  SCV  
  73  5:57  Marine  
  73  5:59  SCV  
  73  6:02  Supply Depot  
  75  6:06  Barracks  
  75  6:07  Barracks  
  75  6:13  SCV, Starport Reactor  
  75  6:15  SCV, Marine  
  78  6:28  SCV x2  
  78  6:29  Siege Tank  
  78  6:30  Combat Shield  
  78  6:31  Terran Infantry Weapons Level 1, Orbital Command  
  83  6:33  Marine, Terran Infantry Armor Level 1  
  83  6:34  Refinery  
  83  6:37  Supply Depot  
  83  6:39  Supply Depot  
  84  6:42  SCV  
  85  6:47  SCV  
  85  6:50  Marine  
  87  6:54  SCV  
  88  7:01  Barracks  
  88  7:02  Starport Reactor, Marine x4  
  88  7:03  Barracks  
  88  7:08  SCV x2, Marine  
  94  7:15  SCV  
  96  7:18  Supply Depot  
  96  7:19  Supply Depot  
  96  7:20  SCV x2, Marine x2  
  96  7:22  Armory, Marine x2  
  102  7:26  Marine  
  102  7:27  SCV  
  104  7:32  SCV x2  
  106  7:38  Marine x2  
  106  7:39  SCV  
  106  7:41  Supply Depot  
  106  7:42  Supply Depot  
  106  7:44  SCV x2, Medivac x2, Marine x3  
  111  7:48  Refinery  
  111  7:49  Refinery  
  118  7:55  Marine x2  
  118  7:56  SCV  
  118  7:57  SCV, Barracks Reactor x2  
  122  8:02  SCV, Marine x3  
  126  8:08  SCV  
  126  8:09  Supply Depot  
  126  8:11  SCV  
  126  8:12  Supply Depot  
  128  8:13  Terran Vehicle Weapons Level 1  
  128  8:16  SCV  
  128  8:27  Marine x2  
  130  8:40  Marine x4  
  130  8:41  Marine x3  
  136  8:42  Siege Tank  
  136  8:48  Marine x2  
  140  8:49  Medivac  
  140  8:50  SCV, Medivac  
  147  8:58  Marine x5  
  147  8:59  Marauder, Marine  
  147  9:00  Command Center  
  155  9:03  Command Center  
  155  9:04  Factory x2  
  155  9:06  Marine x2  
  157  9:13  Terran Infantry Armor Level 2, Terran Infantry Weapons Level 2  
  157  9:16  Marine x6  
  163  9:20  Marine  
  163  9:24  Marine x2  
  158  9:25  Medivac  
  158  9:26  Medivac  
  158  9:27  SCV  
  165  9:36  Marine x3, Barracks, Siege Tank  
  165  9:38  Barracks  
  171  9:39  Barracks  
  170  9:49  Marine x4  
  168  9:58  Marine x2  
  168  9:59  Marine x3, Factory Tech Lab x2  
  173  10:01  Viking x2  
  173  10:03  SCV x3  
  173  10:07  Marine  
  180  10:12  Planetary Fortress, Siege Tank  
  184  10:14  SCV, Refinery  
  184  10:15  SCV x3  
  184  10:18  Refinery  
  188  10:26  SCV  
  188  10:28  Marine x5  
  192  10:29  Siege Tank x2  
  192  10:34  Unknown  
  194  10:42  Planetary Fortress  
  194  10:43  Supply Depot  
  194  10:44  SCV  
  194  10:48  Supply Depot, Terran Vehicle Weapons Level 2  
  169  10:53  Starport  
  169  10:55  Starport  
  147  11:03  Marine x5  
  147  11:04  Siege Tank x3  
  158  11:05  Viking  
  158  11:08  Barracks Tech Lab x3  
  158  11:37  Marine x4  
  158  11:38  Marauder  
  164  11:44  Marauder x3, Marine x4  
  164  11:45  Siege Tank x3  
  183  11:59  Marauder  
  176  12:17  Siege Tank x3  
  176  12:21  Marine x2  
  163  12:26  Marine  
  163  12:27  Marine x2  
  150  12:30  Command Center  
  150  12:33  Marine x2  
  144  12:40  Command Center  
  131  12:49  Siege Tank  
  116  12:55  Marine x2  
  116  12:56  Marine  
  83  13:12  Viking x2  
  89  13:13  Viking  
  89  13:14  Orbital Command, Liberator  
  77  13:54  Marine x5  
  77  13:55  Marauder x4  
Tags
 
Add a new tag
Caveats
  • Supply blocks, unpowered buildings, or Contaminate may cause inaccurate times.
  • Supply counts are checked every 10 seconds.